 Dungeon Crawl Stone Soup version 0.27-a0-124-g19cb506db8 (webtiles) character file.

Game seed: 9039954199888673472

11 knot the Chopper (level 2, 9/36 HPs)
             Began as a Demonspawn Berserker on Jan 26, 2021.
             Was a Follower of Trog.
             Quit the game on level 1 of the Dungeon.
             The game lasted 00:00:16 (78 turns).

knot the Chopper (Demonspawn Berserker)               Turns: 78, Time: 00:00:16

Health: 9/36       AC:  2    Str: 17    XL:     2   Next: 17%
Magic:  2/2        EV: 12    Int:  8    God:    Trog [*.....]
Gold:   23         SH:  0    Dex: 12    Spells: 1/1 levels left

rFire    . . .     SeeInvis .   a - +0 hand axe
rCold    . . .     Faith    .   (no shield)
rNeg     . . .     Spirit   .   b - +0 animal skin
rPois    .         Reflect  .   (no helmet)
rElec    .         Harm     .   (no cloak)
rCorr    .         Rampage  .   (no gloves)
Will     .....                  (no boots)
Stlth    ..........             (no amulet)
HPRegen  0.12/turn              (no ring)
MPRegen  0.08/turn              (no ring)

@: berserking, very quick
A: miasma immunity
a: Renounce Religion, Berserk


You were on level 1 of the Dungeon.
You worshipped Trog.
Trog was aware of your devotion.
You visited 1 branch of the dungeon, and saw 1 of its levels.

You collected 23 gold pieces.

Inventory:

Hand Weapons
 a - a +0 hand axe (weapon)
Missiles
 c - 14 poisoned darts
Armour
 b - a +0 animal skin (worn)
Scrolls
 d - a scroll of identify {unknown}
Potions
 e - a potion of haste {unknown}


   Skills:
 - Level 3.0 Fighting
 + Level 3.3 Axes
 - Level 1.7 Armour
 - Level 1.7 Dodging


You had one spell level left.
You didn't know any spells.
Your spell library was empty.

Dungeon Overview and Level Annotations

Branches:
Dungeon (1/15)

Altars:


Innate Abilities, Weirdness & Mutations

You are immune to miasma.


Message History

You are too injured to fight recklessly!
You are too injured to fight recklessly!
You are too injured to fight recklessly!
You are too injured to fight recklessly!
You slash the dart slug!
The dart slug is severely wounded.
You hit the ooze. You slash the bat!
You kill the bat!
Trog accepts your kill. The ooze closely misses you. The dart slug bites you.
* * * LOW HITPOINT WARNING * * *
You barely miss the dart slug.
The dart slug is severely wounded.
You hit the ooze.
You kill the ooze!
Trog accepts your kill.
You have reached level 2!
Your demonic ancestry asserts itself...
You feel immune to miasma.
Are you sure you want to abandon this character and quit the game? (Confirm with "yes".)

#♣♣♣ ...........♣♣ .
..$....♣...♣.. ♣.
........♣♣...♣♣♣.. .
#.........♣...♣... ..
##...............♣.
...###... #....♣♣.♣♣..
......w)# #.........♣
.......@# #....)♣♣...
.)....†.## ##....♣.....
...###(.[####...♣...♣♣..
. ##........♣...♣..♣♣
#...............♣♣
#........♣.♣.♣...♣.
(.....^....♣....♣....♣
..................♣♣..
############♣♣♣♣♣♣♣♣♣♣


You could see a dart slug.

Vanquished Creatures
  An ooze (D:1)
  2 bats (D:1)
  A goblin (D:1)
  A hobgoblin (D:1)
  A kobold (D:1)
  A frilled lizard (D:1)
7 creatures vanquished.

Notes
Turn   | Place    | Note
-------+----------+-------------------------------------------
     0 | D:1      | knot the Demonspawn Berserker began the quest for the Orb.
     0 | D:1      | Reached XP level 1. HP: 18/18 MP: 1/1
    78 | D:1      | Gained mutation: You are immune to miasma. [demonic
                  | ancestry]
    78 | D:1      | Reached XP level 2. HP: 9/24 MP: 2/2
    78 | D:1      | Quit the game

Illustrated notes

Levels and vault maps discovered:
D:1:      erik_arrival_cave_to_civilisation [erik_arrival_cave_to_hall],
          layout_basic, st_stairs_13

Skill      XL: |  1 |
---------------+----+-----
Axes           | 3 |  3.3
Fighting       | |  3.0
Armour         | |  1.7
Dodging        | |  1.7

Action                   || total
-------------------------++-------
Melee: Hand axe          ||    20
Invok: Berserk           ||     1
Armor: Animal skin       ||     4
Dodge: Dodged            ||    19

Table legend: (Time is in decaauts)
 A = Elapsed time spent in this place.
 B = Non-inter-level travel time spent in this place.
 C = Inter-level travel time spent in this place.
 D = Time resting spent in this place.
 E = Time spent auto-exploring this place.
 F = Levels seen in this place.
 G = Mean time per level.
                   A        B        C        D        E       F      G
               +--------+--------+--------+--------+--------+-----+--------+
         Total |     80 |     80 |      0 |      0 |     37 |   1 |   80.0 |
       Dungeon |     80 |     80 |      0 |      0 |     37 |   1 |   80.0 |
               +--------+--------+--------+--------+--------+-----+--------+

Top non-repeatable levels by time:
     D:1: 80 daAuts
